 Dungeon Crawl Stone Soup version 0.23.2-30-g0e89c35649 (webtiles) character file.

Game seed: 175186170367591924

11415 doot the Zephyrmancer (level 11, -13/56 HPs)
             Began as a Tengu Air Elementalist on June 25, 2019.
             Was a Priest of Vehumet.
             Mangled by a two-headed ogre
             ... wielding a +0 giant spiked club
              (30 damage)
             ... on level 9 of the Dungeon.
             The game lasted 00:30:50 (13795 turns).

doot the Zephyrmancer (Tengu Air Elementalist)     Turns: 13795, Time: 00:30:51

Health: -13/56     AC:  5    Str:  9    XL:     11   Next: 77%
Magic:  8/27       EV: 16    Int: 18    God:    Vehumet [***...]
Gold:   586        SH:  0    Dex: 21    Spells: 19/32 levels left

rFire    . . .     SeeInvis .   F - +4 quarterstaff (chaos)
rCold    + . .     Gourm    .   (shield currently unavailable)
rNeg     + . .     Faith    .   E - +0 leather armour {rC+}
rPois    .         Spirit   .   L - +0 hat {MR+}
rElec    .         Reflect  .   C - +0 cloak (curse)
rCorr    .         Harm     .   n - +0 pair of gloves
MR       +....                  (boots unavailable)
Stlth    +++.......             (no amulet)
HPRegen  0.18/turn              s - ring of positive energy
MPRegen  0.20/turn              H - +6 ring of dexterity

@: flying quickly and evasively, quick
A: beak, talons 3, able to fly
a: Stop Flying, Renounce Religion


You were on level 9 of the Dungeon.
You worshipped Vehumet.
Vehumet was most pleased with you.
You were not hungry.

You visited 2 branches of the dungeon, and saw 10 of its levels.

You collected 586 gold pieces.

Inventory:

Hand Weapons
 p - a +0 flail
 y - a +3 flail
 F - a +4 quarterstaff of chaos (weapon)
 N - a +4 scimitar of flaming
Armour
 a - a +0 robe
 n - a +0 pair of gloves (worn)
 x - a scarf of resistance
 C - a cursed +0 cloak (worn)
 E - a +0 leather armour of cold resistance (worn)
 I - a +0 robe of fire resistance
 L - a +0 hat of magic resistance (worn)
 O - a +2 robe of cold resistance
Jewellery
 s - a ring of positive energy (left hand)
 H - a +6 ring of dexterity (right hand)
 J - an uncursed amulet of harm {unknown}
Wands
 d - a wand of digging (13)
 v - a wand of acid (5)
 z - a wand of disintegration (9)
 M - a wand of paralysis (9)
Scrolls
 e - 6 scrolls of enchant armour {unknown}
 f - 2 scrolls of fog {unknown}
 g - 3 scrolls of blinking {unknown}
 h - 6 scrolls of teleportation
 o - 4 scrolls of enchant weapon
 r - a scroll of random uselessness
 u - 2 scrolls of remove curse {unknown}
 w - a scroll of immolation {unknown}
 A - a scroll of fear {unknown}
 B - a scroll of torment {unknown}
 G - 2 scrolls of amnesia {unknown}
 K - 4 scrolls of identify
Potions
 b - a potion of agility {unknown}
 i - 2 potions of degeneration
 j - 2 potions of brilliance
 k - 6 potions of heal wounds
 l - a potion of lignification {unknown}
 m - 3 potions of flight {unknown}
 q - 4 potions of curing
 t - 2 potions of might
 D - a potion of mutation {unknown}
Comestibles
 c - 12 rations
 P - 5 chunks of flesh


   Skills:
 + Level 1.4 Fighting
 + Level 1.2(1.9) Maces & Flails
 + Level 2.1(2.3) Staves
 + Level 2.4 Armour
 + Level 3.7 Dodging
 + Level 3.7 Stealth
 + Level 11.2 Spellcasting
 + Level 6.3 Conjurations
 + Level 14.7 Air Magic
 + Level 0.5 Evocations


You had 19 spell levels left.
You knew the following spells:

 Your Spells              Type           Power        Failure   Level  Hunger
a - Shock                 Conj/Air       ####         1%          1    None
b - Airstrike             Air            ######....   1%          4    ##.....
c - Lightning Bolt        Conj/Air       #####.....   1%          5    ####...
d - Conjure Flame         Conj/Fire      ###.....     2%          3    None

Your spell library contained the following spells:

 Spells                   Type           Power        Failure   Level  Hunger
 Swiftness                Chrm/Air       #####...     1%          2    None
 Static Discharge         Conj/Air       #####...     1%          3    None


Dungeon Overview and Level Annotations

Branches:
Dungeon (9/15)             Temple (1/1) D:6
   Lair: D:8-11         Orc: D:9-12

Altars:
Ashenzari
Gozag
Makhleb
Okawaru
Ru
Vehumet
Zin
The Shining One

Shops:
D:6 %


Innate Abilities, Weirdness & Mutations

You have a beak for a mouth.
You have claws for feet.
You can fly continuously.


Message History

Casting: Airstrike (safe; 1% risk of failure)
Confirm with . or Enter, or press ? or * to list all spells.
Aiming: Airstrike (safe; 1% risk of failure)
Press: ? - help, Dir - move target cursor, f/p - two-headed ogre
Aim: a two-headed ogre, wielding a +0 giant spiked club and a +0 giant club (severely wounded)
The air twists around and strikes the two-headed ogre!
The two-headed ogre is severely wounded.
The two-headed ogre hits you with a +0 giant spiked club!!
The two-headed ogre barely misses you.
Casting: Airstrike (safe; 1% risk of failure)
Confirm with . or Enter, or press ? or * to list all spells.
Aiming: Airstrike (safe; 1% risk of failure)
Press: ? - help, Dir - move target cursor, f/p - two-headed ogre
Aim: a two-headed ogre, wielding a +0 giant spiked club and a +0 giant club (severely wounded)
The air twists around and strikes the two-headed ogre!
The two-headed ogre is almost dead.
The two-headed ogre hits you with a +0 giant spiked club!
The two-headed ogre hits you with a +0 giant club!!
Ouch! That really hurt!
You die...

...#### .#....#
#.'...#
#.#...#############
#.................#
#.....####..#####.#
..#.#.............#
###...##########..#
##..# ......O@.#
#..# #######..#
#..# #..# #..# #..#
#..# #..# #..# #..#
#..# #..# ##.# #..#


You could see a two-headed ogre.

Vanquished Creatures
  Gastronok (D:8)
  4 two-headed ogres
  Erica (D:9)
  A queen bee (D:9)
  2 hornets (D:9)
  2 hippogriffs
  Grum (D:8)
  A wyvern (D:8)
  Duvessa (D:7)
  An eye of draining (D:9)
  An ice beast (D:9)
  An orc warrior (D:7)
  A sky beast (D:8)
  6 ogres
  3 phantoms
  2 wolves (D:8)
  2 centaurs
  9 bullfrogs
  A water moccasin zombie (D:6)
  A gnoll sergeant (D:6)
  A wyvern skeleton (D:7)
  Dowan (D:7)
  2 scorpions
  21 killer bees
  13 wights
  A howler monkey (D:4)
  3 electric eels (D:9)
  7 crimson imps
  3 bullfrog zombies
  9 hounds
  An orc priest (D:7)
  5 jellies
  Crazy Yiuf (D:2)
  3 orc wizards
  3 iguanas
  3 worker ants
  A hound skeleton (D:4)
  6 gnolls
  3 worker ant zombies
  12 adders
  An adder skeleton (D:4)
  2 dart slugs (D:1)
  8 leopard geckos
  17 orcs
  7 bats
  5 giant cockroaches
  10 goblins
  6 hobgoblins
  10 jackals
  4 quokkas
  A ball python (D:1)
  9 frilled lizards
  10 kobolds
  6 rats
237 creatures vanquished.

Notes
Turn   | Place    | Note
-------+----------+-------------------------------------------
     0 | D:1      | doot the Tengu Air Elementalist began the quest for the
                  | Orb.
     0 | D:1      | Reached XP level 1. HP: 10/10 MP: 4/4
   118 | D:1      | Reached XP level 2. HP: 15/15 MP: 0/6
   536 | D:1      | Reached XP level 3. HP: 19/19 MP: 2/7
  1122 | D:2      | Reached skill level 5 in Air Magic
  1405 | D:2      | Found a runed translucent door.
  1406 | D:2      | Noticed Crazy Yiuf
  1441 | D:2      | Found a glowing silver altar of Zin.
  1441 | D:2      | Found an opulent altar of Gozag.
  1468 | D:2      | Reached XP level 4. HP: 24/24 MP: 6/8
  1527 | D:2      | Learned a level 4 spell: Airstrike
  1743 | D:3      | Gained mutation: You can fly continuously. [Tengu growth]
  1743 | D:3      | Reached XP level 5. HP: 28/28 MP: 5/10
  1771 | D:3      | Reached skill level 6 in Air Magic
  2275 | D:4      | Noticed a phantom
  2293 | D:4      | Found a glowing golden altar of the Shining One.
  2378 | D:4      | Reached XP level 6. HP: 7/32 MP: 3/12
  2843 | D:4      | Learned a level 5 spell: Lightning Bolt
  2940 | D:4      | Reached skill level 7 in Air Magic
  3232 | D:4      | Reached XP level 7. HP: 37/37 MP: 4/13
  3487 | D:5      | Entered Level 5 of the Dungeon
  4731 | D:5      | Reached skill level 8 in Air Magic
  4809 | D:6      | Reached skill level 5 in Spellcasting
  4809 | D:6      | Reached XP level 8. HP: 34/42 MP: 3/16
  5383 | D:6      | Found Mottarosie's Food Emporium.
  5631 | D:6      | Found a staircase to the Ecumenical Temple.
  5632 | D:6      | Found a radiant altar of Vehumet.
  5649 | D:6      | Reached skill level 9 in Air Magic
  5659 | D:6      | Became a worshipper of Vehumet
  5668 | Temple   | Entered the Ecumenical Temple
  5840 | D:6      | Found a sacrificial altar of Ru.
  5840 | D:6      | Found a shattered altar of Ashenzari.
  6478 | D:6      | You fall through a shaft for 2 floors!
  6481 | D:8      | Reached skill level 1 in Fighting
  6481 | D:8      | Reached XP level 9. HP: 47/47 MP: 7/20
  6588 | D:8      | Reached skill level 5 in Conjurations
  6639 | D:8      | Reached skill level 10 in Air Magic
  6840 | D:8      | Noticed a two-headed ogre
  6908 | D:8      | Noticed a two-headed ogre
  7403 | D:9      | Noticed a two-headed ogre
  7516 | D:8      | Noticed a two-headed ogre
  7569 | D:8      | Noticed Gastronok
  7610 | D:7      | Reached skill level 11 in Air Magic
  7618 | D:7      | Noticed Dowan
  7682 | D:7      | Reached skill level 1 in Maces & Flails
  7863 | D:7      | Noticed Duvessa
  7867 | D:7      | Killed Dowan
  8008 | D:7      | Killed Duvessa
  8225 | D:2      | Killed Crazy Yiuf
  8391 | D:2      | Reached * piety under Vehumet
  8391 | D:2      | Offered knowledge of Sting by Vehumet.
  9488 | D:7      | Reached XP level 10. HP: 52/52 MP: 11/23
  9693 | D:7      | Reached skill level 1 in Armour
  9876 | D:7      | Reached skill level 12 in Air Magic
 10159 | D:7      | Found an iron altar of Okawaru.
 10487 | D:7      | Killed a two-headed ogre
 10648 | D:8      | Reached skill level 1 in Staves
 10659 | D:8      | Noticed Grum
 10910 | D:8      | Killed a two-headed ogre
 11162 | D:8      | Found a burning altar of Makhleb.
 11170 | D:8      | Reached ** piety under Vehumet
 11309 | D:8      | Offered knowledge of Sandblast by Vehumet.
 11457 | D:8      | Killed a two-headed ogre
 11457 | D:8      | Reached skill level 13 in Air Magic
 11587 | D:8      | Killed Gastronok
 11587 | D:8      | Reached skill level 10 in Spellcasting
 11587 | D:8      | Reached XP level 11. HP: 12/56 MP: 2/26
 12066 | D:8      | Killed Grum
 12573 | D:9      | Reached skill level 14 in Air Magic
 12708 | D:9      | Killed a two-headed ogre
 12937 | D:9      | Offered knowledge of Conjure Flame by Vehumet.
 12943 | D:9      | Learned a level 3 spell: Conjure Flame
 13333 | D:9      | Reached *** piety under Vehumet
 13563 | D:9      | Noticed Erica
 13576 | D:9      | Killed Erica
 13789 | D:9      | Noticed a two-headed ogre
 13795 | D:9      | Mangled by a two-headed ogre

Skill      XL: |  1  2  3  4  5  6  7  8  9 10 11 |
---------------+----------------------------------+-----
Air Magic      | 5 6 7 8 9 11 13 14 | 14.7
Conjurations   | 2 3 4 5 6 |  6.3
Spellcasting   | 3 5 6 8 10 11 | 11.2
Dodging        | 3 |  3.7
Fighting       | 1 |  1.4
Stealth        | 3 |  3.7
Maces & Flails | 1 |  1.2
Armour         | 2 |  2.4
Staves         | 1 2 |  2.1
Evocations     | |  0.5

Action                   |  1- 3 |  4- 6 |  7- 9 | 10-12 || total
-------------------------+-------+-------+-------+-------++-------
Melee: Unarmed           |       |     1 |       |       ||     1
       Flail             |       |     2 |    14 |       ||    16
       Quarterstaff      |       |       |     8 |    31 ||    39
       Kick              |       |       |     5 |     4 ||     9
       Peck              |       |       |     2 |     4 ||     6
 Cast: Shock             |    60 |    89 |   112 |    50 ||   311
       Airstrike         |       |     6 |    84 |   120 ||   210
       Lightning Bolt    |       |       |     1 |    10 ||    11
 Abil: Fly               |       |       |     1 |       ||     1
Evoke: Wand              |       |       |     4 |     3 ||     7
  Use: Scroll            |       |       |     9 |       ||     9
 Stab: Sleeping          |       |       |     1 |       ||     1
  Eat: Chunk             |     2 |     7 |    21 |    13 ||    43
       Ration            |       |       |     3 |     3 ||     6
Armor: Robe              |     1 |     6 |     9 |       ||    16
       Leather armour    |       |       |     5 |     8 ||    13
Dodge: Dodged            |    16 |    42 |    58 |    38 ||   154
